 Dungeon Crawl Stone Soup version 0.26.1-2-gb8aa6d0cf2 (webtiles) character file.

Game seed: 4583121940701613978

1548 dohliylev the Chopper (level 8, -7/75 HPs)
             Began as a Gargoyle Berserker on Mar 26, 2021.
             Was an Elder of Trog.
             Splashed by a jelly's acid (8 damage)
             ... on level 6 of the Dungeon.
             The game lasted 00:09:20 (6701 turns).

dohliylev the Chopper (Gargoyle Berserker)          Turns: 6701, Time: 00:09:21

Health: -7/75      AC: -6    Str: 23    XL:     8   Next: 87%
Magic:  0/8        EV: 12    Int: 14    God:    Trog [****..]
Gold:   250        SH:  5    Dex: 15    Spells: 7/7 levels left

rFire    . . .     SeeInvis .   a - +0 hand axe
rCold    . . .     Faith    .   g - +0 buckler
rNeg     + . .     Spirit   +   s - +0 scale mail
rPois    ∞         Reflect  .   m - +0 helmet
rElec    +         Harm     .   x - +2 cloak
rCorr    .         Rampage  .   (no gloves)
Will     .....                  (no boots)
Stlth    ..........             j - amulet of guardian spirit
HPRegen  0.22/turn              d - +6 ring of intelligence
MPRegen  0.11/turn              t - +6 ring of dexterity

@: berserking (expiring), corroded, very quick
A: negative energy resistance 1, electricity resistance, unbreathing,
petrification resistance, miasma immunity, AC +5
a: Renounce Religion, Berserk, Trog's Hand, Brothers in Arms


You were on level 6 of the Dungeon.
You worshipped Trog.
Trog was greatly pleased with you.
You visited 1 branch of the dungeon, and saw 6 of its levels.

You collected 250 gold pieces.

Inventory:

Hand Weapons
 a - a +0 hand axe (weapon)
Armour
 g - a +0 buckler (worn)
 m - a +0 helmet (worn)
 s - a +0 scale mail (worn)
 x - a +2 cloak (worn)
Jewellery
 d - a +6 ring of intelligence (left hand)
 j - an amulet of guardian spirit (around neck)
 t - a +6 ring of dexterity (right hand)
Scrolls
 c - 9 scrolls of identify {unknown}
 k - a scroll of enchant weapon {unknown}
 l - 5 scrolls of teleportation {unknown}
 o - 3 scrolls of amnesia {unknown}
 q - 3 scrolls of enchant armour {unknown}
 r - 2 scrolls of noise {unknown}
 u - a scroll of fog {unknown}
 v - 3 scrolls of remove curse {unknown}
 w - a scroll of fear {unknown}
Potions
 b - a potion of might {unknown}
 e - 2 potions of curing {unknown}
 f - a potion of brilliance {unknown}
 h - 2 potions of flight {unknown}
 i - 3 potions of heal wounds {unknown}
 n - a potion of resistance {unknown}
 p - a potion of ambrosia {unknown}
 z - a potion of magic {unknown}


   Skills:
 + Level 5.6 Fighting
 + Level 7.2 Axes
 + Level 4.9 Armour
 + Level 3.7 Dodging
 + Level 3.3 Shields


You had 7 spell levels left.
You didn't know any spells.
Your spell library was empty.

Dungeon Overview and Level Annotations

Branches:
Dungeon (6/15)
 Temple: D:4-7

Altars:
Ashenzari
Cheibriados
Dithmenos
Makhleb
Vehumet
Zin

Annotations:
D:5 Ijyb


Innate Abilities, Weirdness & Mutations

You are resistant to torment.
Your stone body is resilient. (AC +5)
You are immune to poison.
You resist negative energy. (rN+)
You are resistant to electric shocks. (rElec)
You can survive without breathing.
You are immune to petrification.
You are immune to miasma.


Message History

You hit the jelly. The acid corrodes you!
Your hands burn!
* * * LOW HITPOINT WARNING * * *
The jelly is severely wounded.
You hit the jelly.
Your hands burn!
* * * LOW HITPOINT WARNING * * *
The jelly is almost dead.
You block the jelly's attack.
You hit the jelly but do no damage.
Your hands burn!
* * * LOW HITPOINT WARNING * * *
The jelly is almost dead.
You block the jelly's attack.
You hit the jelly but do no damage. The acid corrodes you!
Your hands burn!
* * * LOW HITPOINT WARNING * * *
The jelly is almost dead.
You hit the jelly but do no damage.
Your hands burn!
The jelly is almost dead.
The jelly hits you.
* * * LOW HITPOINT WARNING * * *
You are splashed with acid!
You die...

#.......# #.#..#.# #.......#
#.#..#.# ###.......# #.#..#.#
..........# #.#..#)#
####.#################.#..#.#
#.................#.#..#.#
#################.#.#..#.#
#########.#.#.#..#.#
#......@..#.#.# #.#
#......J....#.# #.#
#...........#.# #.#
#...........#.####.#
#...........#..†...#
#...........########
#...........# #.....).....#
..........#


You could see a jelly.

Vanquished Creatures
  Sigmund (D:6)
  Eustachio (D:5)
  An ice beast (D:6)
  2 ogres (D:5)
  A centaur (D:5)
  5 scorpions
  A bullfrog zombie (D:6)
  A jelly (D:5)
  2 orc priests
  A hound (D:4)
  2 iguanas
  3 bullfrog skeletons
  A worker ant (D:4)
  An orc wizard (D:5)
  A hound zombie (D:5)
  A hound skeleton (D:4)
  A worker ant zombie (D:6)
  10 adders
  A gnoll (D:1)
  2 shadow imps (D:5)
  3 white imps (D:6)
  An ufetubus (D:6)
  2 oozes
  An adder zombie (D:1)
  A worm (D:5)
  A dart slug (D:2)
  6 leopard geckos
  9 orcs
  4 ball pythons
  17 bats
  4 giant cockroaches
  8 goblins
  5 hobgoblins
  12 jackals
  5 kobolds
  5 quokkas
  7 frilled lizards
  A jackal skeleton (D:4)
  A leopard gecko zombie (D:5)
  A quokka zombie (D:1)
  12 rats
145 creatures vanquished.

Vanquished Creatures (others)
  A goblin (D:2)
  3 fungi (D:5)
4 creatures vanquished.

Grand Total: 149 creatures vanquished

Notes
Turn   | Place    | Note
-------+----------+-------------------------------------------
     0 | D:1      | dohliylev the Gargoyle Berserker began the quest for the
                  | Orb.
     0 | D:1      | Reached XP level 1. HP: 14/14 MP: 1/1
   184 | D:1      | Reached XP level 2. HP: 16/19 MP: 2/2
   231 | D:1      | Reached skill level 3 in Axes
   453 | D:1      | Reached XP level 3. HP: 24/24 MP: 3/3
  1401 | D:2      | Reached XP level 4. HP: 27/29 MP: 2/4
  1401 | D:2      | Reached ** piety under Trog
  2409 | D:3      | Reached skill level 4 in Axes
  2418 | D:3      | Reached XP level 5. HP: 26/33 MP: 1/5
  2685 | D:3      | Reached skill level 1 in Shields
  2796 | D:3      | Reached *** piety under Trog
  3582 | D:4      | Reached XP level 6. HP: 35/39 MP: 6/6
  4095 | D:5      | Entered Level 5 of the Dungeon
  4108 | D:5      | Reached skill level 5 in Axes
  4211 | D:5      | Reached XP level 7. HP: 32/44 MP: 7/7
  4496 | D:5      | Found a snail-covered altar of Cheibriados.
  4690 | D:5      | Reached **** piety under Trog
  4967 | D:5      | Reached skill level 6 in Axes
  5167 | D:5      | Reached skill level 5 in Fighting
  5253 | D:5      | Found a broken altar of Ashenzari.
  5312 | D:5      | Noticed Eustachio
  5326 | D:5      | Reached XP level 8. HP: 49/49 MP: 8/8
  5371 | D:5      | Killed Eustachio
  5511 | D:5      | Found a radiant altar of Vehumet.
  5511 | D:5      | Found a shadowy altar of Dithmenos.
  5648 | D:5      | Found a glowing silver altar of Zin.
  5649 | D:5      | Noticed Ijyb
  5962 | D:5      | Found a burning altar of Makhleb.
  6383 | D:6      | Noticed Sigmund
  6398 | D:6      | Killed Sigmund
  6399 | D:6      | Reached skill level 7 in Axes
  6700 | D:6      | HP: 3/75 [acid (3)]
  6701 | D:6      | HP: 1/75 [jelly (3)]
  6701 | D:6      | Splashed by a jelly's acid

Illustrated notes

Levels and vault maps discovered:
D:1:      saegor_arrival_fortress, layout_basic, minmay_misc_feat_four_crosses
D:2:      layout_basic, lemuel_flame_loot_1
D:3:      layout_basic, hangedman_decor_growths
D:4:      layout_cave_pods
D:5:      old_forge, layout_loops_corners, nicolae_overflow_hidden_temple,
          cheibrodos_worm_habitat, makhleb_grotto_becter,
          nicolae_overflow_crystal_walls, gammafunk_temple_overflow_elements,
          saegor_snake_ambush, uniq_eustachio, uniq_ijyb
D:6:      layout_basic, uniq_edmund, uniq_sigmund

Skill      XL: |  1  2  3  4  5  6  7  8 |
---------------+-------------------------+-----
Axes           | 3 4 5 6 7 |  7.2
Fighting       | 4 5 |  5.6
Dodging        | 2 3 |  3.7
Shields        | 1 2 3 |  3.3
Armour         | 3 4 |  4.9

Action                   |  1- 3 |  4- 6 |  7- 9 || total
-------------------------+-------+-------+-------++-------
Melee: Hand axe          |    92 |   256 |   294 ||   642
Invok: Berserk           |     2 |     3 |     6 ||    11
       Trog's Hand       |       |     1 |     2 ||     3
 Stab: Sleeping          |     1 |       |       ||     1
Armor: Animal skin       |    48 |    15 |       ||    63
       Scale mail        |       |   119 |   148 ||   267
Dodge: Dodged            |    52 |   137 |   175 ||   364
Block: Buckler           |     9 |    44 |    59 ||   112
